 Dungeon Crawl Stone Soup version 0.25-a0-424-g80bd347ae0 (webtiles) character file.

Game seed: 3207131229710785628, levelgen mode: deterministic

361 ChaosChampion the Skirmisher (level 6, -2/49 HPs)
             Began as a Demonspawn Abyssal Knight on Jan 20, 2020.
             Was a Believer of Lugonu.
             Slain by an orc
             ... wielding a +0 war axe
              (6 damage)
             ... on level 4 of the Dungeon.
             The game lasted 00:07:57 (3481 turns).

ChaosChampion the Skirmisher (DsAK)                 Turns: 3481, Time: 00:07:57

Health: -2/49      AC:  5    Str: 15    XL:     6   Next: 38%
Magic:  8/8        EV: 12    Int: 13    God:    Lugonu [**....]
Gold:   96         SH:  0    Dex: 12    Spells: 5/5 levels left

rFire    . . .     SeeInvis .   a - +1 spear
rCold    . . .     Gourm    .   (no shield)
rNeg     . . .     Faith    .   i - +0 ring mail
rPois    .         Spirit   .   (helmet restricted)
rElec    .         Reflect  .   f - scarf {cloud immunity}
rCorr    +         Harm     .   (no gloves)
MR       .....                  (no boots)
Stlth    +.........             (no amulet)
HPRegen  0.16/turn              n - ring of resist corrosion
MPRegen  0.11/turn              (no ring)

@: no status effects
A: horns 2, sturdy frame 1
a: Depart the Abyss, Bend Space, Renounce Religion


You were on level 4 of the Dungeon.
You worshipped Lugonu.
Lugonu was pleased with you.
You were not hungry.

You visited 2 branches of the dungeon, and saw 5 of its levels.
You visited the Abyss 1 time.

You collected 96 gold pieces.

Inventory:

Hand Weapons
 a - a +1 spear (weapon)
Armour
 b - a +0 leather armour
 f - a scarf of cloud immunity (worn)
 i - a +0 ring mail (worn)
Jewellery
 n - a ring of resist corrosion (left hand)
Scrolls
 e - a scroll of enchant weapon {unknown}
 h - a scroll of fear {unknown}
 j - 2 scrolls of noise
 k - 2 scrolls of enchant armour {unknown}
 m - a scroll of teleportation {unknown}
 o - 2 scrolls of identify
 q - a scroll of blinking {unknown}
Potions
 d - a potion of flight
 l - 2 potions of berserk rage
 p - a potion of haste {unknown}
Comestibles
 c - 2 rations


   Skills:
 * Level 4.5 Fighting
 * Level 3.3 Polearms
 * Level 3.3 Armour
 + Level 2.1 Dodging
 + Level 3.8 Invocations


You had 5 spell levels left.
You didn't know any spells.
Your spell library was empty.

Dungeon Overview and Level Annotations

Branches:
Dungeon (4/15)             Temple (1/1) D:4

Altars:
Ashenzari
Dithmenos
Elyvilon
Fedhas
Gozag
Hepliaklqana
Kikubaaqudgha
Nemelex Xobeh
Okawaru
Qazlal
Ru
Sif Muna
Trog
Uskayaw
Vehumet
Wu Jian
Xom
Yredelemnul
Zin


Innate Abilities, Weirdness & Mutations

You have a pair of horns on your head.
Your movements are slightly less encumbered by armour. (ER -2)


Message History

The orc is lightly wounded.
The orc closely misses you.
You completely miss the orc.
The orc is lightly wounded.
The orc hits you with a +0 war axe!
* * * LOW HITPOINT WARNING * * *
You barely miss the orc. You headbutt the orc, but do no damage.
The orc is lightly wounded.
The orc hits you with a +0 war axe.
* * * LOW HITPOINT WARNING * * *
You closely miss the orc.
The orc is lightly wounded.
You hit the orc.
The orc is almost dead.
The orc hits you with a +0 war axe.
* * * LOW HITPOINT WARNING * * *
You hit the orc. You headbutt the orc, but do no damage.
The orc is almost dead.
The orc hits you with a +0 war axe.
You die...

..##...)...# ...#####.........
..#........######................
..#.............#................
..#.............#..............).
..#.............#................
..#........##...#................
..'........##########+##.........
..#........#.....#.....#.........
..#........'....@))....'.........
..#........#....o#.....#.........
..#........#############.........
..#........# oo..o...........
..#......).# .....o..........
..#........# ................
#........# ...............
#........# ...............
####+##........


You could see an orc.

Vanquished Creatures
  A scorpion (Temple)
  An orc wizard (D:4)
  A bullfrog skeleton (D:4)
  Natasha (thrice) (D:3)
  Robin (D:3)
  5 adders
  3 gnolls (D:2)
  2 oozes
  3 worms
  2 dart slugs (D:2)
  2 leopard geckos
  3 orcs
  7 bats
  2 giant cockroaches
  18 goblins
  8 hobgoblins
  4 jackals (D:3)
  5 kobolds
  2 ball pythons
  A frilled lizard (D:3)
  A jackal skeleton (D:4)
  5 rats
80 creatures vanquished.

Notes
Turn   | Place    | Note
-------+----------+-------------------------------------------
     0 | Abyss:1  | ChaosChampion the Demonspawn Abyssal Knight began the quest
                  | for the Orb.
     0 | Abyss:1  | Reached XP level 1. HP: 18/18 MP: 2/2
    41 | Abyss:1  | Noticed a worldbinder
    42 | D:1      | Escaped the Abyss
   327 | D:1      | Gained mutation: Your movements are slightly less
                  | encumbered by armour. (ER -2) [demonic ancestry]
   327 | D:1      | Reached XP level 2. HP: 20/24 MP: 4/4
   359 | D:1      | Reached * piety under Lugonu
   495 | D:1      | You fall into a shaft and drop 1 floor!
   514 | D:2      | Reached skill level 1 in Dodging
  1007 | D:2      | Gained mutation: You have a pair of small horns on your
                  | head. [demonic ancestry]
  1007 | D:2      | Reached XP level 3. HP: 14/29 MP: 5/5
  1400 | D:2      | Reached XP level 4. HP: 25/37 MP: 6/6
  1978 | D:3      | Noticed Robin
  2009 | D:3      | Killed Robin
  2009 | D:3      | Reached skill level 4 in Fighting
  2191 | D:3      | Reached XP level 5. HP: 33/42 MP: 7/7
  2199 | D:3      | Reached ** piety under Lugonu
  2408 | D:3      | Found an ancient bone altar of Kikubaaqudgha.
  2465 | D:3      | Noticed Natasha
  2473 | D:3      | Killed Natasha
  2708 | D:3      | Noticed Natasha
  2724 | D:3      | Killed Natasha
  2854 | D:3      | Noticed Natasha
  2860 | D:3      | Killed Natasha
  3117 | D:4      | Found a staircase to the Ecumenical Temple.
  3134 | Temple   | Entered the Ecumenical Temple
  3141 | Temple   | HP: 2/43 [scorpion (4)]
  3143 | Temple   | Gained mutation: You have a pair of horns on your head.
                  | [demonic ancestry]
  3143 | Temple   | Reached XP level 6. HP: 13/49 MP: 8/8
  3481 | D:4      | Slain by an orc

Levels and vault maps discovered:
D:1:      saegor_arrival_simple_b, layout_basic, minivault_19,
          minmay_stone_trees_small
D:2:      layout_loops_corners, minivault_27, minmay_misc_feat_encased,
          minmay_shallow_snake_nest
D:3:      layout_loops_corners, kiku_gazebo_garden_becter, st_stairs_10,
          minmay_bisected, uniq_robin, uniq_natasha
D:4:      layout_gridville, minmay_temple_entry_glass, trog_book
Temple:   hc_temple_tempest_star

Skill      XL: |  1  2  3  4  5 |
---------------+----------------+-----
Dodging        | 1 2 |  2.1
Polearms       | 2 3 |  3.3
Armour         | 2 3 |  3.3
Invocations    | 3 |  3.8
Fighting       | 4 |  4.5

Action                   |  1- 3 |  4- 6 || total
-------------------------+-------+-------++-------
Melee: Spear             |   103 |   254 ||   357
       Headbutt          |     7 |    35 ||    42
Invok: Depart the Abyss  |     1 |       ||     1
  Use: Scroll            |       |     5 ||     5
       Potion            |       |     2 ||     2
 Stab: Sleeping          |     1 |       ||     1
  Eat: Chunk             |     1 |     5 ||     6
       Ration            |       |     1 ||     1
Armor: Leather armour    |    15 |       ||    15
       Ring mail         |     8 |    64 ||    72
Dodge: Dodged            |    52 |   105 ||   157

Table legend:
 A = Non-vault XP
 B = Vault XP
 C = Vault XP percentage of total XP
 D = Non-vault monster count
 E = Vault monster count
 F = Vault count percentage of total count
                 A         B        C        D         E       F
            +---------+---------+-------+---------+---------+-------
      Total |     420 |      97 |  18.8 |      58 |      22 |  27.5
            +---------+---------+-------+---------+---------+-------
        D:1 |      21 |       0 |   0.0 |       9 |       0 |   0.0
        D:2 |     112 |      14 |  11.1 |      18 |       2 |  10.0
        D:3 |     124 |      83 |  40.1 |      24 |      20 |  45.5
        D:4 |      93 |       0 |   0.0 |       6 |       0 |   0.0
     Temple |      70 |       0 |   0.0 |       1 |       0 |   0.0
            +---------+---------+-------+---------+---------+-------
